 Dungeon Crawl Stone Soup version 0.31-a0-95-g6fa058ef04 (webtiles) character file.

Game seed: 6985658814407328890

5978 hito the Skirmisher (level 10, -7/91 HPs)
             Began as a Hill Orc Hunter on May 25, 2023.
             Was an Elder of Makhleb.
             Mangled by a tentacled starspawn (25 damage)
             ... on level 2 of the Abyss.
             The game lasted 00:29:54 (9995 turns).

hito the Skirmisher (Hill Orc Hunter)               Turns: 9995, Time: 00:29:54

Health: -7/91      AC: 17    Str: 16    XL:     10   Next: 85%
Magic:  0/16       EV: 10    Int: 13    God:    Makhleb [****..]
Gold:   1505       SH:  0    Dex: 15    Spells: 9/9 levels left

rFire   . . .        b - +4 war axe
rCold   . . .        (no shield)
rNeg    . . .        F - +4 scale mail
rPois   .            N - +2 helmet {SInv}
rElec   .            x - scarf {repulsion}
rCorr   .            (no gloves)
SInv    +            s - +0 pair of boots
Will    .....        G - amulet of guardian spirit Stlth
                     (no ring)
HPRegen 0.35/turn    (no ring)
MPRegen 0.15/turn

%: repel missiles, guardian spirit
@: about to teleport
A: hooves 1, iridescent scales 1, clever 1
a: Renounce Religion, Minor Destruction, Lesser Servant of Makhleb, Major
Destruction


You were on level 2 of the Abyss.
You worshipped Makhleb.
Makhleb was greatly pleased with you.
You visited 2 branches of the dungeon, and saw 10 of its levels.
You visited the Abyss 1 time.
You also visited: Bailey.

You collected 1505 gold pieces.

Inventory:

Hand Weapons
 a - a +0 orcbow
 b - a +4 war axe (weapon)
 C - a +0 battleaxe
 O - a +3 battleaxe
Missiles
 c - 4 curare-tipped darts (quivered)
 o - 6 javelins
 r - 35 boomerangs
 y - a throwing net
 B - 25 poisoned darts
 L - 8 atropa-tipped darts
Armour
 s - a +0 pair of boots (worn)
 x - a scarf of repulsion (worn)
 F - a +4 scale mail (worn)
 I - a +0 chain mail of cold resistance
 N - a +2 helmet of see invisible (worn)
Jewellery
 v - a ring of fire
 G - an amulet of guardian spirit (around neck)
Wands
 M - a wand of flame (11)
Scrolls
 f - a scroll of blinking {unknown}
 g - a scroll of noise {unknown}
 h - 3 scrolls of teleportation
 k - a scroll of amnesia {unknown}
 m - 2 scrolls of silence {unknown}
 p - 2 scrolls of immolation
 u - a scroll of enchant armour {unknown}
 z - a scroll of enchant weapon {unknown}
 A - 2 scrolls of magic mapping
 J - 3 scrolls of acquirement {unknown}
 K - a scroll of brand weapon {unknown}
Potions
 d - 3 potions of enlightenment
 e - a potion of cancellation
 i - a potion of lignification
 j - a potion of ambrosia {unknown}
 l - 2 potions of heal wounds
 n - a potion of degeneration {unknown}
 q - 2 potions of invisibility
 t - 2 potions of mutation
 w - 2 potions of brilliance
 D - 2 potions of might
 E - a potion of magic
 H - a potion of curing
 P - 2 potions of haste {unknown}


   Skills:
 - Level 9.0 Fighting
 + Level 9.2 Axes
 - Level 10.0 Ranged Weapons
 - Level 4.0 Armour
 - Level 1.5 Dodging
 - Level 0.7 Stealth
 - Level 8.0 Invocations


You had 9 spell levels left.
You didn't know any spells.
Your spell library contained the following spells:

 Spells                   Type           Power      Damage    Failure   Level
 Apportation              Tloc           0%         N/A       71%         1
 Beastly Appendage        Tmut           0%         N/A       71%         1
 Necrotise                Necr           0%         1d4       71%         1
 Summon Small Mammal      Summ           0%         N/A       71%         1
 Blink                    Tloc           0%         N/A       85%         2
 Lesser Beckoning         Tloc           0%         N/A       85%         2
 Wereblood                Tmut           0%         N/A       85%         2
 Call Canine Familiar     Summ           0%         N/A       97%         3
 Gell's Gravitas          Tloc           0%         N/A       97%         3
 Ozocubu's Armour         Ice            0%         N/A       97%         3
 Spider Form              Tmut/Pois      0%         N/A       97%         3
 Summon Guardian Golem    Hex/Summ       0%         N/A       97%         3
 Teleport Other           Tloc           0%         N/A       97%         3
 Manifold Assault         Tloc           0%         N/A       100%        4
 Ozocubu's Refrigeration  Ice            0%         4d7       100%        7
 Storm Form               Tmut/Air       0%         N/A       100%        7


Dungeon Overview and Level Annotations

Branches:
Dungeon (9/15)             Temple (1/1) D:6          Bailey (visited)
   Lair: D:8-11         Orc: D:9-12

Altars:
Ashenzari
Dithmenos
Elyvilon
Fedhas
Kikubaaqudgha
Makhleb
Nemelex Xobeh
Okawaru
Qazlal
Ru
Trog
Uskayaw
Vehumet
Wu Jian
Xom
Yredelemnul
The Shining One
Beogh

Annotations:
D:3 2 runed translucent doors, frimble's ghost, amateur OpWr
D:4 exclusion: downstairs
D:9 Erolcha


Innate Abilities, Weirdness & Mutations

You have large cloven feet.
You are partially covered in iridescent scales. (AC +2)
Your mind is acute. (Int +4, Str/Dex -1)


Message History

Your hellwing hits the tentacled starspawn!
Your hellwing hits the tentacled starspawn.
The tentacled starspawn bites your hellwing!!
Your hellwing dies!
Your hellwing disappears in a puff of smoke!
As you read the scroll of teleportation, it crumbles to dust.
You feel strangely unstable.
You feel the power of the Abyss delaying your translocation!
Tentacles burst from the starspawn's body!
A starspawn tentacle comes into view.
You feel much better. The starspawn tentacle grabs you.
The starspawn tentacle constricts you.
You slash the starspawn tentacle!
The starspawn tentacle is severely damaged.
The starspawn tentacle loses its grip on you.
You slice the tentacled starspawn!!
The tentacled starspawn is heavily damaged.
The tentacled starspawn bites you!
The tentacled starspawn closely misses you.
You hit the tentacled starspawn.
The tentacled starspawn is heavily damaged.
The tentacled starspawn bites you.
The tentacled starspawn tentacle-slaps you!
* * * LOW HITPOINT WARNING * * *
You slash the tentacled starspawn!
The tentacled starspawn is heavily damaged.
The tentacled starspawn bites you.
The tentacled starspawn tentacle-slaps you.
* * * LOW HITPOINT WARNING * * *
You hit the tentacled starspawn.
The tentacled starspawn is heavily damaged.
The tentacled starspawn bites you.
* * * LOW HITPOINT WARNING * * *
The tentacled starspawn tentacle-slaps you.
* * * LOW HITPOINT WARNING * * *
Unknown command.
You hit the tentacled starspawn.
The tentacled starspawn is severely damaged.
The tentacled starspawn bites you!!
You die...

## ## #.
.####. ## #
#.#. .# .## #.
. ..#.## . #.
###.#.#.#####
..
#....w#.......
####...#.### .
. . .## ##.#@#
# . .# .
.###X.# ### #.
#### .. ## # #


You could see a tentacled starspawn.

Vanquished Creatures
  An orc knight (Bailey)
  A wyvern (D:7)
  4 yaks (D:8)
  Grum (D:8)
  A water moccasin (D:7)
  4 orc warriors
  An ice beast (D:6)
  2 sky beasts
  A black bear (D:5)
  3 wolves (D:8)
  3 centaurs
  2 phantoms (D:4)
  2 kobold brigands
  2 bullfrogs
  A scorpion (D:6)
  A gnoll sergeant (D:6)
  5 wights (D:8)
  6 killer bees
  3 howler monkeys (D:7)
  4 hounds
  2 jellies (D:3)
  3 orc priests
  2 sleepcaps
  4 iguanas
  11 orc wizards
  16 gnolls
  10 adders
  A shadow imp (D:5)
  A white imp (D:5)
  An ufetubus (D:7)
  3 worms
  2 dart slugs (D:2)
  46 orcs
  6 endoplasms
  6 giant cockroaches
  9 goblins
  7 hobgoblins
  5 jackals
  2 quokkas (D:1)
  4 ball pythons
  2 bats (D:3)
  3 frilled lizards (D:1)
  17 kobolds
  5 rats (D:1)
216 creatures vanquished.

Vanquished Creatures (collateral kills)
  A sixfirhy (Abyss:2)
  2 orc warriors (Bailey)
  5 kobold brigands (Bailey)
  2 kobolds (Bailey)
10 creatures vanquished.

Vanquished Creatures (others)
  2 starspawn tentacles (Abyss:2)
2 creatures vanquished.

Grand Total: 228 creatures vanquished

Notes
Turn   | Place    | Note
-------+----------+-------------------------------------------
     0 | D:1      | hito the Hill Orc Hunter began the quest for the Orb.
     0 | D:1      | Reached XP level 1. HP: 18/18 MP: 1/1
    72 | D:1      | Reached XP level 2. HP: 25/25 MP: 2/2
   347 | D:1      | Reached skill level 4 in Ranged Weapons
   551 | D:1      | Reached XP level 3. HP: 31/31 MP: 3/3
  1359 | D:2      | Found a faded altar of an unknown god.
  1436 | D:2      | Prayed at the altar of an unknown god.
  1436 | D:2      | Became a worshipper of Makhleb the Destroyer
  1436 | D:2      | Reached * piety under Makhleb
  1528 | D:2      | Reached XP level 4. HP: 40/40 MP: 4/4
  2098 | D:3      | Reached skill level 5 in Ranged Weapons
  2166 | D:3      | Reached XP level 5. HP: 38/46 MP: 5/5
  2281 | D:3      | Found a radiant altar of Vehumet.
  2281 | D:3      | Found a basalt altar of Yredelemnul.
  2335 | D:3      | Found a broken altar of Ashenzari.
  2335 | D:3      | Found a stormy altar of Qazlal.
  2379 | D:3      | Reached XP level 6. HP: 17/52 MP: 6/6
  2557 | D:3      | Found a shimmering altar of Xom.
  2559 | D:3      | Found a bloodstained altar of Trog.
  2600 | D:3      | Found a runed translucent door.
  2605 | D:3      | Noticed frimble's ghost (amateur OpWr)
  2633 | D:3      | Reached skill level 6 in Ranged Weapons
  2840 | D:3      | Found a runed translucent door.
  3215 | D:4      | Reached ** piety under Makhleb
  3276 | D:4      | Reached skill level 1 in Invocations
  3276 | D:4      | Reached XP level 7. HP: 59/59 MP: 7/7
  3343 | D:4      | You fall into a shaft and drop 1 floor!
  3343 | D:5      | Entered Level 5 of the Dungeon
  3437 | D:4      | Found a white marble altar of Elyvilon.
  3446 | D:4      | Reached skill level 7 in Ranged Weapons
  3553 | D:4      | Found a sparkling altar of Nemelex Xobeh.
  3697 | D:4      | Found a blossoming altar of Fedhas.
  4463 | D:5      | Reached XP level 8. HP: 66/66 MP: 11/11
  4532 | D:4      | Reached skill level 8 in Ranged Weapons
  5488 | D:5      | Reached skill level 1 in Armour
  5600 | D:5      | Reached *** piety under Makhleb
  5871 | D:6      | Reached skill level 9 in Ranged Weapons
  6342 | D:6      | Identified the +1 plate armour of Qigam {Stlth+}
  6498 | D:6      | Found a staircase to the Ecumenical Temple.
  6507 | Temple   | Entered the Ecumenical Temple
  6836 | D:7      | Reached XP level 9. HP: 26/71 MP: 6/12
  7048 | D:7      | Reached skill level 10 in Ranged Weapons
  7186 | D:7      | Found a flagged portal.
  7200 | D:7      | Reached skill level 5 in Invocations
  7214 | Bailey   | Entered a bailey
  7241 | Bailey   | Reached skill level 5 in Fighting
  7415 | Bailey   | Noticed an orc knight
  7433 | Bailey   | Gained mutation: You are partially covered in iridescent
                  | scales. (AC +2) [potion of mutation]
  7433 | Bailey   | Gained mutation: You have large cloven feet. [potion of
                  | mutation]
  7433 | Bailey   | Gained mutation: Your mind is acute. (Int +4, Str/Dex -1)
                  | [potion of mutation]
  7436 | Bailey   | Killed an orc knight
  7685 | Bailey   | Found a burning altar of Makhleb.
  7828 | D:7      | Found a sacrificial altar of Ru.
  7897 | D:7      | Reached skill level 1 in Axes
  7897 | D:7      | Reached XP level 10. HP: 74/90 MP: 10/14
  8962 | D:8      | Reached skill level 5 in Axes
  8968 | D:8      | Reached **** piety under Makhleb
  9120 | D:8      | Noticed Grum
  9139 | D:8      | Killed Grum
  9485 | D:8      | Found an ornate altar of the Wu Jian Council.
  9681 | D:9      | Found a roughly hewn altar of Beogh.
  9863 | D:9      | Noticed Erolcha
  9863 | Abyss:2  | Cast into level 2 of the Abyss (Erolcha)
  9895 | Abyss:2  | Noticed a sixfirhy
  9912 | Abyss:2  | HP: 2/91 [sixfirhy (9)]
  9912 | Abyss:2  | Killed a sixfirhy
  9981 | Abyss:2  | Noticed a tentacled starspawn
  9995 | Abyss:2  | Mangled by a tentacled starspawn

Illustrated notes

Levels and vault maps discovered:
D:1:      psy_arrival_fountain, layout_loops_ring, moated_statue,
          minmay_misc_feat_room, nrook_mini_vaults
D:2:      layout_basic, shapermc_ecumenical_altar_ellora, st_stairs_9,
          kennysheep_generic_room_9
D:3:      layout_loops_ring, dk_xom_monty_hall,
          chequers_temple_overflow_statue_of_worship,
          gammafunk_temple_overflow_pools, ebering_ghost_sewer_f
D:4:      layout_rooms, elyvilon_altar_1, nemelex_diamond_rough_becter,
          mainiacjoe_overflow_alcove_2
D:5:      layout_gridville, minmay_fractal_squares_gapless_5
D:6:      layout_rooms, lemuel_temple_firewalk_b
D:7:      layout_basic, nicolae_ru_the_path_less_chosen, enter_bailey_4,
          minivault_24
D:8:      layout_cave_pools, overflow_temple_1_default, patterned_corridor,
          uniq_grum
D:9:      layout_roguey [special_room_orc], due_lair_maze_entry_diamond,
          nicolae_concentric_dashed_squares_wild, uniq_erolcha
Temple:   eino_temple_lava
Abyss:2:  base:
D:7

Skill      XL: |  1  2  3  4  5  6  7  8  9 10 |
---------------+-------------------------------+-----
Fighting       | 3 4 8 9 |  9.0
Ranged Weapons | 4 5 6 7 9 10 | 10.0
Invocations    | 1 4 6 8 |  8.0
Armour         | 4 |  4.0
Axes           | 1 9 |  9.2
Dodging        | |  1.5
Stealth        | |  0.7

Action                     |  1- 3 |  4- 6 |  7- 9 | 10-12 || total
---------------------------+-------+-------+-------+-------++-------
  Melee: Short sword       |       |    83 |   152 |    23 ||   258
         Punch             |       |     2 |     2 |     3 ||     7
         War axe           |       |       |       |   175 ||   175
   Fire: Shortbow          |   108 |    86 |    36 |       ||   230
         Orcbow            |       |       |   259 |    52 ||   311
  Throw: Dart              |       |       |     6 |       ||     6
 Invoke: Minor Destruction |       |       |    40 |       ||    40
         Lesser Servant of |       |       |     3 |     1 ||     4
    Use: Scroll            |     4 |     1 |     4 |     3 ||    12
         Potion            |       |     1 |     2 |     2 ||     5
   Stab: Sleeping          |       |     1 |       |       ||     1
 Armour: Leather armour    |    16 |    26 |    51 |       ||    93
         Scale mail        |       |       |    72 |   134 ||   206
  Dodge: Dodged            |    31 |    46 |   158 |   148 ||   383
         Repelled          |       |       |    11 |     2 ||    13

Table legend: (Time is in decaauts)
 A = Elapsed time spent in this place.
 B = Non-inter-level travel time spent in this place.
 C = Inter-level travel time spent in this place.
 D = Time resting spent in this place.
 E = Time spent auto-exploring this place.
 F = Levels seen in this place.
 G = Mean time per level.
                   A        B        C        D        E       F      G
               +--------+--------+--------+--------+--------+-----+--------+
         Total |  10125 |   9764 |    361 |   2758 |   4508 |  12 |  843.8 |
       Dungeon |   9460 |   9099 |    361 |   2419 |   4508 |   9 | 1051.1 |
        Temple |      1 |      1 |      0 |      0 |      0 |   1 |    1.0 |
         Abyss |    132 |    132 |      0 |     66 |      0 |   1 |  132.0 |
        Bailey |    530 |    530 |      0 |    273 |      0 |   1 |  530.0 |
               +--------+--------+--------+--------+--------+-----+--------+

Top non-repeatable levels by time:
     D:5: 1897 daAuts
     D:3: 1423 daAuts
     D:7: 1214 daAuts
     D:8: 1027 daAuts
     D:6: 1007 daAuts
     D:4: 908 daAuts
     D:2: 903 daAuts
     D:1: 861 daAuts
  Bailey: 530 daAuts
     D:9: 215 daAuts
 Abyss:2: 132 daAuts
  Temple: 1 daAuts
